Map: Scorie nucleari

Players

FRANEK

  • Race: Protoss Protoss
  • Spawn Location: 3:00

aMWer

  • Race: Zerg Zerg
  • League: Bronze
  • Spawn Location: 6:00

Mrouver

  • Race: Protoss Protoss
  • Spawn Location: 5:00

GhostOps

  • Race: Protoss Protoss
  • League: Bronze
  • Spawn Location: 6:00

Tsoixantéun

  • Race: Protoss Protoss
  • Spawn Location: 11:00

ORION

  • Race: Terran Terran
  • League: Silver
  • Spawn Location: 12:00

Jhyrachy

  • Race: Zerg Zerg
  • League: Silver
  • Spawn Location: 9:00

TheButcher

  • Race: Terran Terran
  • Spawn Location: 12:00

VOD

Have the link to the VOD?

Description

Time

  • Played on: March 27, 2016, 4:41 p.m.
  • Length: 9:39
Show
View Real Time Build Order
Export as new Build Order

FRANEK Protoss 

Build Orders:  

Get SALT Encoding   

  12  0:02  Probe (Chrono Boost)  
  13  0:16  Pylon  
  13  0:25  Probe (Chrono Boost)  
  14  0:37  Forge  
  14  0:40  Probe (Chrono Boost)  
  15  0:52  Assimilator  
  15  0:54  Assimilator  
  15  1:07  Assimilator  
  15  1:12  Assimilator  
  15  1:25  Assimilator  
  15  1:29  Assimilator  
  15  1:45  Pylon  
  15  2:07  Photon Cannon  
  15  2:15  Probe (Chrono Boost)  
  15  2:26  Probe (Chrono Boost)  
  16  2:31  Assimilator  
  16  2:32  Assimilator  
  16  2:36  Probe (Chrono Boost)  
  17  2:47  Probe (Chrono Boost)  
  18  2:51  Nexus  
  18  2:55  Assimilator  
  18  2:57  Probe (Chrono Boost)  
  19  3:01  Assimilator  
  19  3:06  Pylon  
  19  3:12  Photon Cannon  
  19  3:17  Pylon  
  19  3:23  Pylon  
  19  3:25  Probe (Chrono Boost)  
  20  3:35  Probe (Chrono Boost)  
  21  3:42  Photon Cannon  
  21  3:46  Probe (Chrono Boost)  
  22  3:56  Probe (Chrono Boost)  
  22  3:58  Photon Cannon  
  23  4:07  Probe (Chrono Boost)  
  24  4:10  Probe (Chrono Boost)  
  25  4:17  Probe (Chrono Boost)  
  25  4:20  Probe (Chrono Boost)  
  27  4:27  Gateway  
  27  4:28  Probe (Chrono Boost)  
  29  4:31  Probe (Chrono Boost)  
  29  4:32  Pylon  
  29  4:38  Probe (Chrono Boost)  
  29  4:41  Probe (Chrono Boost)  
  31  4:49  Probe (Chrono Boost)  
  31  4:52  Probe (Chrono Boost)  
  33  5:03  Probe (Chrono Boost)  
  34  5:09  Photon Cannon  
  34  5:12  Probe (Chrono Boost), Photon Cannon  
  34  5:13  Probe (Chrono Boost)  
  36  5:22  Probe (Chrono Boost)  
  36  5:23  Cybernetics Core  
  36  5:24  Probe (Chrono Boost), Pylon  
  38  5:33  Probe (Chrono Boost)  
  38  5:34  Probe (Chrono Boost)  
  40  5:43  Probe (Chrono Boost)  
  40  5:45  Probe (Chrono Boost)  
  40  5:48  Pylon  
  42  5:54  Probe (Chrono Boost)  
  42  5:55  Probe (Chrono Boost)  
  44  6:04  Probe (Chrono Boost)  
  44  6:06  Probe (Chrono Boost)  
  44  6:09  Stargate  
  44  6:11  Stargate  
  46  6:12  Pylon  
  46  6:15  Probe (Chrono Boost)  
  46  6:16  Pylon  
  47  6:21  Protoss Air Weapons Level 1 (Chrono Boost)  
  47  6:22  Probe (Chrono Boost)  
  48  6:25  Probe (Chrono Boost)  
  48  6:31  Probe (Chrono Boost)  
  50  6:34  Protoss Shields Level 1 (Chrono Boost)  
  50  6:36  Probe  
  51  6:41  Probe, Photon Cannon  
  51  6:44  Photon Cannon  
  52  6:48  Probe  
  52  6:52  Probe  
  54  7:02  Probe, Fleet Beacon  
  54  7:04  Stargate  
  54  7:07  Stargate  
  55  7:52  Carrier (Chrono Boost)  
  79  8:01  Carrier (Chrono Boost)  
  79  8:02  Carrier (Chrono Boost)  
  79  8:06  Carrier (Chrono Boost)  
  79  8:32  Cybernetics Core  
Show
View Real Time Build Order
Export as new Build Order

aMWer Zerg 

Build Orders: Pool First 

Get SALT Encoding   

  12  0:01  Drone  
  13  0:12  Drone  
  14  0:25  Spawning Pool  
  13  0:29  Drone  
  14  0:38  Overlord  
  14  0:47  Overlord  
  14  0:59  Drone x2  
  14  1:02  Extractor  
  15  1:11  Queen  
  15  1:13  Zergling x2  
  18  1:23  Drone  
  19  1:35  Drone  
  19  1:36  Drone  
  21  1:40  Extractor  
  21  1:46  Drone  
  21  1:56  Drone  
  22  2:06  Drone  
  23  2:09  Lair  
  22  2:39  Drone x3  
  25  2:57  Drone  
  26  2:59  Hatchery, Overlord  
  25  3:13  Spire  
  25  3:16  Overseer  
  24  3:20  Hatchery  
  24  3:22  Overlord  
  23  3:37  Burrow  
  23  3:53  Drone  
  24  4:12  Queen  
  24  4:13  Drone  
  24  4:15  Drone x2  
  24  4:16  Drone x3  
  32  4:25  Mutalisk x2  
  36  4:32  Drone  
  36  4:37  Queen  
  39  4:42  Drone  
  40  4:49  Drone  
  40  4:52  Drone x2  
  43  4:54  Extractor  
  43  4:57  Extractor  
  41  5:02  Mutalisk x3  
  47  5:08  Overlord  
  47  5:11  Drone x2  
  49  5:14  Drone  
  49  5:15  Drone  
  51  5:21  Drone  
  51  5:24  Overlord  
  52  5:28  Drone x2  
  52  5:35  Overlord  
  54  5:40  Zerg Flyer Weapons Level 1  
  54  5:42  Mutalisk  
  54  5:43  Mutalisk  
  54  5:44  Mutalisk  
  60  5:53  Drone  
  60  5:54  Drone  
  62  6:00  Extractor  
  62  6:02  Drone x3, Extractor  
  63  6:16  Mutalisk  
  65  6:27  Drone  
  65  6:28  Drone  
  67  6:33  Drone  
  67  6:34  Drone  
  67  6:35  Drone  
  70  6:46  Infestation Pit  
  69  6:49  Mutalisk x3  
  69  6:53  Hatchery  
  74  6:58  Overseer  
  74  7:01  Overlord x2  
  74  7:06  Mutalisk x2  
  78  7:22  Overseer  
  78  7:35  Zerg Flyer Armor Level 1  
  78  7:58  Mutalisk x4  
  78  7:59  Mutalisk x2  
  90  8:21  Queen  
  90  8:22  Drone x2  
Show
View Real Time Build Order
Export as new Build Order

Mrouver Protoss 

Build Orders: 1 Gate Expand 

Get SALT Encoding   

  12  0:01  Probe (Chrono Boost)  
  13  0:12  Probe (Chrono Boost)  
  14  0:21  Pylon  
  14  0:23  Probe (Chrono Boost)  
  15  0:39  Probe (Chrono Boost)  
  16  0:43  Gateway  
  16  0:50  Probe (Chrono Boost)  
  17  1:10  Nexus  
  17  1:17  Probe (Chrono Boost)  
  18  1:21  Assimilator  
  18  1:25  Pylon  
  18  1:31  Probe (Chrono Boost)  
  19  1:42  Probe (Chrono Boost)  
  19  1:44  Cybernetics Core  
  20  1:50  Forge  
  20  1:56  Assimilator  
  20  2:10  Pylon  
  20  2:12  Probe (Chrono Boost)  
  21  2:24  Photon Cannon  
  21  2:26  Probe (Chrono Boost)  
  22  2:36  Probe x2 (Chrono Boost)  
  24  2:42  Pylon  
  24  2:47  Probe (Chrono Boost)  
  25  2:52  Pylon  
  25  2:55  Probe (Chrono Boost)  
  26  3:01  Photon Cannon  
  26  3:06  Probe (Chrono Boost)  
  27  3:14  Twilight Council  
  27  3:15  Probe (Chrono Boost)  
  27  3:18  Probe (Chrono Boost)  
  29  3:20  Assimilator  
  29  3:24  Warp Gate (Chrono Boost)  
  29  3:27  Probe  
  30  3:35  Gateway  
  30  3:39  Photon Cannon  
  32  3:41  Mothership Core  
  32  3:42  Probe  
  33  3:53  Probe  
  34  4:03  Probe  
  35  4:12  Dark Shrine  
  35  4:13  Pylon  
  35  4:14  Probe  
  36  4:17  Assimilator  
  36  4:25  Probe  
  36  4:29  Gateway  
  36  4:31  Gateway  
  37  4:33  Pylon  
  37  4:35  Probe, Gateway  
  38  4:46  Probe  
  38  4:51  Pylon  
  39  4:56  Probe  
  40  5:01  Pylon  
  40  5:07  Probe  
  40  5:12  Gateway x2  
  41  5:17  Probe  
  42  5:29  Photon Cannon  
  42  5:32  Dark Templar x3  
  42  5:34  Dark Templar x2  
  52  5:40  Probe  
  53  5:45  Pylon  
  53  5:51  Probe  
  53  5:56  Photon Cannon  
  54  6:01  Probe  
  55  6:07  Dark Templar  
  55  6:08  Dark Templar  
  59  6:12  Blink (Chrono Boost), Probe  
  59  6:14  Dark Templar  
  59  6:16  Dark Templar  
  59  6:17  Dark Templar  
  59  6:18  Nexus  
  66  6:23  Probe  
  67  6:25  Pylon  
  67  6:30  Protoss Ground Weapons Level 1 (Chrono Boost)  
  67  6:44  Photon Cannon  
  67  6:46  Photon Cannon  
  67  6:48  Photon Cannon  
  67  6:49  Pylon  
  67  7:11  Stalker x3  
  67  7:12  Stalker x4  
  79  7:51  Stalker x5  
  85  7:52  Stalker x2  
  93  8:04  Probe  
  93  8:10  Assimilator  
  94  8:14  Probe  
  95  8:20  Pylon  
  95  8:21  Stalker x3  
  95  8:22  Stalker x4  
  95  8:25  Probe  
  110  8:36  Probe  
  111  8:46  Probe  
  110  9:35  Stalker x5  
  110  9:36  Stalker x2  
Show
View Real Time Build Order
Export as new Build Order

GhostOps Protoss 

Build Orders: Nexus First 

Get SALT Encoding   

  12  0:01  Probe (Chrono Boost)  
  13  0:12  Probe (Chrono Boost)  
  14  0:18  Pylon  
  14  0:32  Probe (Chrono Boost)  
  15  0:42  Probe (Chrono Boost)  
  16  0:53  Probe (Chrono Boost)  
  17  1:03  Nexus  
  17  1:05  Probe (Chrono Boost)  
  19  1:18  Probe (Chrono Boost)  
  19  1:23  Gateway  
  19  1:38  Probe (Chrono Boost)  
  20  1:42  Assimilator x2  
  20  1:49  Probe (Chrono Boost)  
  21  2:00  Probe (Chrono Boost)  
  22  2:10  Probe (Chrono Boost)  
  23  2:21  Cybernetics Core, Probe (Chrono Boost)  
  23  2:22  Cybernetics Core, Probe (Chrono Boost)  
  25  2:31  Probe (Chrono Boost)  
  25  2:32  Probe (Chrono Boost)  
  27  2:42  Probe (Chrono Boost)  
  27  2:43  Probe (Chrono Boost)  
  29  2:46  Assimilator  
  29  2:47  Assimilator  
  29  2:53  Probe (Chrono Boost)  
  30  3:04  Probe (Chrono Boost)  
  31  3:14  Probe (Chrono Boost)  
  32  3:20  Stargate  
  32  3:21  Stargate  
  32  3:23  Nexus  
  32  3:25  Probe (Chrono Boost)  
  33  3:35  Probe (Chrono Boost)  
  33  3:36  Probe (Chrono Boost)  
  35  3:46  Probe x2 (Chrono Boost)  
  37  3:57  Probe (Chrono Boost)  
  37  3:58  Protoss Air Weapons Level 1, Protoss Air Armor Level 1  
  38  4:07  Stargate  
  38  4:13  Pylon  
  38  4:16  Stargate  
  38  4:32  Probe (Chrono Boost)  
  39  4:42  Probe (Chrono Boost)  
  39  4:44  Assimilator  
  40  4:46  Probe (Chrono Boost)  
  40  4:47  Assimilator  
  40  4:51  Pylon  
  42  4:53  Probe (Chrono Boost)  
  42  4:55  Pylon  
  42  4:56  Forge  
  42  4:57  Probe (Chrono Boost)  
  43  5:03  Probe (Chrono Boost)  
  44  5:07  Probe (Chrono Boost)  
  44  5:10  Fleet Beacon  
  44  5:14  Probe (Chrono Boost)  
  46  5:18  Probe (Chrono Boost)  
  47  5:24  Probe (Chrono Boost)  
  47  5:27  Phoenix x2  
  52  5:28  Probe (Chrono Boost)  
  52  5:31  Phoenix  
  52  5:35  Phoenix, Probe (Chrono Boost)  
  58  5:39  Probe (Chrono Boost)  
  59  5:45  Probe (Chrono Boost)  
  59  5:49  Probe (Chrono Boost)  
  61  5:50  Photon Cannon  
  61  5:53  Photon Cannon  
  61  5:55  Photon Cannon, Protoss Air Weapons Level 2  
  61  5:56  Probe (Chrono Boost), Protoss Air Armor Level 2  
  62  6:00  Photon Cannon  
  62  6:01  Pylon  
  62  6:02  Probe (Chrono Boost)  
  63  6:12  Probe (Chrono Boost)  
  63  6:18  Anion Pulse-Crystals (Chrono Boost)  
  64  6:22  Probe  
  65  6:32  Phoenix x3  
  69  6:33  Phoenix  
  69  6:34  Probe  
  74  6:40  Pylon  
  74  6:46  Probe  
  75  6:57  Phoenix x3  
  75  6:58  Probe  
  75  7:00  Photon Cannon  
  82  7:03  Photon Cannon  
  82  7:05  Photon Cannon  
  82  7:06  Phoenix  
  84  7:11  Mothership Core  
  86  7:18  Pylon  
  86  7:22  Phoenix x2  
  90  7:23  Phoenix  
  92  7:36  Phoenix  
  94  7:43  Pylon  
  94  7:45  Pylon  
  94  7:46  Pylon x2  
  94  7:47  Phoenix x2  
  94  7:48  Phoenix  
  100  8:01  Phoenix  
  102  8:12  Phoenix  
  104  8:54  Phoenix x4  
Show
View Real Time Build Order
Export as new Build Order

Tsoixantéun Protoss 

Build Orders:  

Get SALT Encoding   

  12  0:02  Probe (Chrono Boost)  
  13  0:13  Probe (Chrono Boost)  
  14  0:23  Probe (Chrono Boost)  
  15  0:43  Pylon  
  15  1:01  Probe (Chrono Boost)  
  16  1:24  Nexus  
  16  1:25  Forge  
  16  1:43  Pylon  
  16  1:47  Pylon  
  16  1:51  Pylon  
  16  2:06  Photon Cannon  
  16  2:22  Photon Cannon, Gateway  
  11  2:43  Probe (Chrono Boost)  
  12  2:53  Probe (Chrono Boost)  
  13  3:02  Photon Cannon  
  13  3:04  Probe (Chrono Boost)  
  14  3:09  Assimilator  
  14  3:14  Probe (Chrono Boost)  
  15  3:24  Photon Cannon  
  15  3:25  Probe (Chrono Boost)  
  16  3:35  Cybernetics Core  
  16  3:39  Probe (Chrono Boost)  
  17  3:49  Assimilator  
  17  3:58  Assimilator, Probe (Chrono Boost)  
  18  4:06  Assimilator  
  18  4:08  Probe (Chrono Boost)  
  19  4:12  Probe (Chrono Boost)  
  20  4:19  Probe (Chrono Boost)  
  20  4:22  Probe (Chrono Boost)  
  22  4:30  Probe (Chrono Boost)  
  23  4:33  Probe (Chrono Boost), Photon Cannon  
  24  4:40  Probe (Chrono Boost)  
  24  4:44  Pylon  
  25  4:51  Probe (Chrono Boost)  
  26  4:54  Photon Cannon  
  26  5:01  Pylon  
  26  5:06  Probe (Chrono Boost)  
  27  5:17  Probe (Chrono Boost)  
  27  5:20  Stargate  
  28  5:25  Stargate  
  28  5:27  Probe (Chrono Boost)  
  29  5:29  Probe (Chrono Boost)  
  30  5:38  Probe (Chrono Boost)  
  30  5:39  Probe (Chrono Boost)  
  32  5:48  Probe (Chrono Boost)  
  34  5:50  Probe (Chrono Boost)  
  34  5:58  Probe (Chrono Boost)  
  34  6:00  Probe (Chrono Boost)  
  40  6:07  Probe  
  40  6:08  Void Ray (Chrono Boost)  
  40  6:09  Void Ray (Chrono Boost)  
  45  6:11  Probe  
  46  6:20  Fleet Beacon  
  46  6:23  Probe  
  47  6:27  Pylon  
  47  6:32  Stargate  
  47  6:36  Probe  
  48  6:43  Pylon  
  48  6:56  Void Ray (Chrono Boost)  
  56  7:02  Void Ray (Chrono Boost)  
  56  7:08  Robotics Facility  
  56  7:17  Photon Cannon  
  56  7:19  Photon Cannon  
  56  7:24  Photon Cannon  
  56  7:26  Protoss Shields Level 1  
  62  7:42  Carrier (Chrono Boost)  
  62  8:03  Nexus  
  68  8:06  Carrier (Chrono Boost)  
  68  8:07  Observer  
  68  8:12  Assimilator  
  69  8:17  Assimilator  
  69  8:49  Cybernetics Core  
  69  8:50  Pylon  
  69  8:51  Pylon  
  47  9:24  Photon Cannon  
  47  9:27  Photon Cannon  
Show
View Real Time Build Order
Export as new Build Order

ORION Terran 

Build Orders:  

Get SALT Encoding   

  12  0:06  SCV  
  13  0:18  SCV  
  14  0:30  SCV  
  15  0:35  Supply Depot  
  15  0:57  SCV  
  16  1:06  Refinery  
  16  1:09  SCV  
  17  1:12  Refinery  
  17  1:15  Barracks  
  17  1:21  SCV  
  18  1:33  SCV  
  19  1:45  SCV  
  20  1:58  SCV  
  21  2:10  SCV  
  21  2:14  Marine  
  23  2:37  Factory  
  23  2:42  Supply Depot  
  23  2:57  Command Center  
  23  3:04  Marine, SCV  
  23  3:05  Supply Depot  
  25  3:16  SCV  
  25  3:19  Factory  
  26  3:23  Factory Reactor  
  26  3:28  SCV, Engineering Bay  
  27  3:40  SCV  
  27  3:41  Marine  
  29  3:42  Armory  
  29  3:54  Orbital Command  
  29  4:02  Factory  
  29  4:06  Factory Tech Lab  
  29  4:08  Widow Mine  
  31  4:27  Widow Mine  
  31  4:28  Widow Mine  
  35  4:34  Missile Turret  
  35  4:38  Factory  
  35  4:39  Widow Mine, Terran Vehicle Weapons Level 1  
  35  4:42  SCV  
  38  4:54  SCV  
  39  5:06  SCV  
  40  5:15  Factory Reactor  
  40  5:17  Widow Mine  
  40  5:18  Widow Mine, SCV  
  45  5:25  Supply Depot  
  45  5:42  Factory Reactor  
  45  5:45  Widow Mine  
  45  5:47  Supply Depot  
  47  5:56  Supply Depot  
  47  6:25  Missile Turret  
  47  6:32  Drilling Claws  
  47  6:49  Supply Depot  
  47  6:51  Widow Mine x2  
  47  6:52  Widow Mine  
  47  6:54  Widow Mine x3, Thor  
  65  7:19  Widow Mine  
  65  7:20  Widow Mine  
  65  7:21  Widow Mine  
  71  7:23  Widow Mine x3  
  77  7:36  Widow Mine  
  79  7:48  Widow Mine x2  
  62  8:54  Widow Mine x2  
  62  8:55  Widow Mine x3  
  86  9:39  Missile Turret  
Show
View Real Time Build Order
Export as new Build Order

Jhyrachy Zerg 

Build Orders: Hatch First 

Get SALT Encoding   

  12  0:05  Drone  
  13  0:14  Drone  
  14  0:18  Overlord  
  14  0:38  Drone  
  14  0:39  Drone x2  
  17  1:10  Hatchery  
  16  1:43  Spawning Pool  
  15  1:50  Drone x2, Overlord  
  17  2:02  Drone  
  18  2:13  Hatchery  
  17  2:19  Overlord  
  17  2:30  Spine Crawler  
  17  2:33  Queen  
  17  2:34  Zergling x2  
  17  2:35  Zergling x2  
  20  2:39  Queen  
  22  2:44  Drone x2  
  22  2:45  Drone x2  
  26  3:20  Queen  
  28  3:29  Queen  
  30  3:44  Extractor  
  30  3:46  Extractor  
  30  3:47  Drone x3  
  30  3:48  Drone x3  
  34  4:51  Lair  
  34  4:54  Drone  
  34  4:55  Drone  
  34  4:58  Drone  
  34  4:59  Drone x10  
  47  5:52  Drone  
  47  5:53  Drone x2  
  47  5:54  Overlord x3  
  50  5:59  Extractor  
  50  6:01  Extractor  
  48  6:07  Hydralisk Den  
  47  6:12  Evolution Chamber  
  46  6:23  Overseer, Evolution Chamber  
  45  6:29  Drone  
  45  6:30  Drone x2  
  45  6:31  Drone x3  
  51  6:33  Drone x3  
  51  6:35  Drone x9  
  63  6:42  Muscular Augments  
  63  7:25  Zerg Ground Armor Level 1, Zerg Missile Weapons Level 1  
  63  7:32  Overlord x3  
  63  7:33  Overlord x3  
  63  7:37  Extractor  
  63  7:39  Extractor  
  59  7:47  Pneumatized Carapace  
  59  7:58  Overseer  
  59  8:01  Lurker Den  
  59  8:09  Spore Crawler  
  58  8:13  Spine Crawler  
  58  8:18  Drone x3, Spine Crawler  
  58  8:19  Drone  
  61  8:20  Drone  
  61  8:22  Drone x2  
  61  8:23  Drone  
  61  8:24  Drone x3  
  62  8:28  Hydralisk x7  
  62  8:32  Hydralisk  
  62  8:33  Hydralisk x2  
  79  8:35  Hydralisk  
  79  8:38  Hydralisk x4  
Show
View Real Time Build Order
Export as new Build Order

TheButcher Terran 

Build Orders: MMM Bio 

Get SALT Encoding   

  12  0:03  SCV  
  13  0:15  SCV  
  14  0:46  Command Center  
  14  0:49  SCV  
  15  1:00  Supply Depot  
  15  1:22  SCV  
  15  1:23  Barracks  
  16  1:27  Refinery  
  16  1:30  Refinery  
  16  1:34  SCV  
  17  1:46  SCV  
  18  1:58  SCV  
  19  2:05  SCV  
  20  2:10  SCV  
  21  2:18  Marine  
  21  2:21  Barracks  
  22  2:27  SCV  
  23  2:36  Marine  
  24  2:39  SCV  
  24  2:41  Barracks  
  25  2:48  SCV  
  26  2:57  Orbital Command  
  26  3:00  SCV  
  26  3:02  Supply Depot  
  27  3:06  Barracks Tech Lab  
  27  3:16  Factory  
  27  3:17  Barracks Reactor  
  27  3:22  SCV  
  28  3:27  Supply Depot  
  28  3:33  SCV  
  29  3:35  Barracks Tech Lab  
  29  3:45  SCV, Engineering Bay  
  30  3:52  Orbital Command  
  30  3:57  SCV  
  30  4:00  Stimpack  
  31  4:03  Factory Reactor  
  31  4:08  Starport  
  31  4:09  SCV  
  32  4:17  Terran Infantry Weapons Level 1  
  32  4:18  Armory  
  32  4:21  SCV  
  32  4:22  Marine  
  32  4:23  Marauder  
  36  4:32  SCV  
  37  4:44  Concussive Shells, SCV  
  38  4:55  Barracks  
  38  4:58  SCV  
  39  5:03  SCV  
  39  5:05  Factory Tech Lab  
  39  5:06  Refinery  
  40  5:08  Refinery  
  40  5:10  SCV  
  40  5:12  Terran Ship Weapons Level 1  
  41  5:15  SCV  
  41  5:17  Engineering Bay  
  42  5:22  Marauder x2, Marine x2, SCV  
  42  5:26  Combat Shields  
  42  5:27  SCV  
  50  5:34  SCV  
  51  5:39  Marine, SCV  
  51  5:40  Marine  
  54  5:50  Marine x2, Medivac x2  
  54  5:53  Barracks Reactor, Supply Depot  
  60  5:59  Supply Depot  
  60  6:00  Command Center  
  60  6:04  Terran Infantry Armor Level 1  
  60  6:23  SCV  
  61  6:27  Terran Infantry Weapons Level 2  
  61  6:30  Marauder x2, Marine x3  
  61  6:31  Marine  
  69  6:35  SCV, Supply Depot  
  70  6:47  SCV  
  70  6:48  Marine x3  
  70  6:49  Marine  
  70  6:51  Marine  
  70  6:52  Marauder  
  77  7:06  Marine x4  
  80  7:09  Marauder  
  80  7:13  Marauder  
  84  7:21  Missile Turret  
  84  7:27  Medivac x2  
  88  7:31  Marauder  
  88  7:35  Missile Turret  
  90  7:57  Medivac x2  
  94  8:02  Missile Turret  
  94  8:14  Missile Turret, Command Center  
  94  8:16  Missile Turret  
  94  8:26  Hi-Sec Auto Tracking  
  94  8:35  Missile Turret  
  94  8:36  Missile Turret  
  94  8:41  Starport  
  94  8:48  Supply Depot  
  94  8:57  Missile Turret x2  
  98  9:10  Supply Depot  
  98  9:16  Missile Turret  
  97  9:33  Missile Turret  
  97  9:35  Supply Depot  
Tags
 
Add a new tag
Caveats
  • Supply blocks, unpowered buildings, or Contaminate may cause inaccurate times.
  • Supply counts are checked every 10 seconds.